Map: Frozen Temple

Players

EggsAndBacon

  • Race: Zerg Zerg
  • League: Platinum

BUSDRIVER - Winner!

  • Race: Protoss Protoss
  • League: Diamond

VOD

Have the link to the VOD?

Description

Time

  • Played on: March 29, 2016, midnight
  • Length: 22:30
Show
View Real Time Build Order
Export as new Build Order

EggsAndBacon Zerg 

Build Orders: Hatch First 

Get SALT Encoding   

  12  0:06  Drone  
  13  0:16  Overlord  
  13  0:21  Drone  
  14  0:35  Drone x2  
  14  0:39  Drone  
  17  0:58  Hatchery  
  17  1:01  Drone  
  17  1:10  Drone  
  18  1:14  Extractor, Drone  
  18  1:24  Spawning Pool  
  17  1:49  Drone x3  
  20  2:05  Drone  
  21  2:10  Overlord  
  21  2:11  Queen  
  21  2:14  Queen  
  25  2:24  Drone x2  
  27  2:32  Drone  
  28  2:41  Drone x2  
  30  2:52  Lair, Roach Warren  
  30  2:53  Drone  
  30  2:55  Drone  
  31  2:59  Drone  
  31  3:03  Drone  
  33  3:06  Overlord  
  33  3:12  Drone  
  34  3:19  Drone x2  
  36  3:26  Drone x3  
  39  3:33  Roach x2  
  43  3:35  Overlord  
  43  3:37  Drone  
  44  3:47  Spore Crawler  
  43  3:48  Spore Crawler  
  42  3:56  Roach x3  
  42  3:57  Roach x2  
  42  4:00  Extractor  
  42  4:01  Extractor  
  42  4:02  Drone x2  
  52  4:05  Extractor  
  52  4:06  Drone  
  52  4:07  Overlord  
  52  4:14  Overlord  
  52  4:29  Ravager  
  53  4:34  Drone  
  53  4:35  Drone x4  
  58  4:44  Ravager  
  58  4:45  Ravager  
  60  5:17  Spire  
  59  5:23  Drone x3  
  59  5:24  Hatchery, Drone  
  62  5:40  Drone x2  
  62  5:41  Glial Reconstitution, Drone  
  65  5:45  Roach  
  65  5:47  Overlord  
  65  5:48  Overlord x4  
  67  5:53  Drone  
  68  5:58  Infestation Pit  
  68  6:00  Drone  
  68  6:09  Zergling x2  
  69  6:12  Zergling x2  
  70  6:20  Drone  
  70  6:21  Drone x7  
  70  6:22  Drone  
  79  6:32  Corruptor  
  79  6:33  Corruptor  
  79  6:35  Hive  
  79  6:38  Spore Crawler  
  81  6:40  Spore Crawler  
  81  6:41  Corruptor x3  
  81  6:42  Corruptor  
  83  7:11  Corruptor x3  
  83  7:14  Hatchery  
  83  7:15  Drone x4  
  92  7:17  Queen  
  92  7:19  Extractor  
  92  7:20  Extractor  
  92  7:27  Hatchery  
  91  7:32  Ravager  
  92  7:37  Drone x4  
  92  7:40  Spore Crawler  
  92  7:42  Spore Crawler  
  94  8:03  Infestor x2  
  98  8:08  Drone x5  
  103  8:19  Metabolic Boost  
  103  8:20  Zerg Flyer Weapons Level 1  
  103  8:31  Queen  
  103  8:32  Hatchery  
  104  8:37  Ravager x3  
  104  8:39  Overlord x2  
  104  8:40  Overlord  
  107  8:57  Queen  
  109  9:04  Roach  
  109  9:05  Roach x6  
  120  9:30  Ravager x4  
  118  9:32  Corruptor x4  
  126  9:41  Extractor, Drone x5  
  126  9:42  Drone x5  
  126  9:43  Extractor  
  134  9:51  Infestor x2  
  134  9:52  Roach  
  140  9:56  Zergling x4  
  140  9:58  Overlord x3  
  142  10:00  Overlord  
  142  10:07  Spire  
  142  10:13  Drone  
  142  10:16  Queen  
  142  10:17  Drone  
  142  10:18  Drone x3  
  142  10:20  Drone x2  
  150  10:23  Extractor, Drone x3  
  150  10:25  Extractor, Drone x2  
  150  10:26  Drone  
  154  10:35  Zergling x10  
  155  10:50  Corruptor x5  
  164  10:57  Zerg Flyer Weapons Level 2  
  162  11:09  Drone  
  162  11:10  Drone x6  
  167  11:15  Drone x4  
  167  11:16  Drone x3  
  174  11:21  Overlord x3  
  174  11:27  Evolution Chamber x2  
  174  11:29  Evolution Chamber  
  171  11:42  Corruptor x5  
  181  11:59  Drone  
  182  12:01  Overlord x3  
  182  12:02  Overlord x2  
  182  12:11  Tunneling Claws  
  182  12:12  Burrow  
  182  12:21  Hydralisk Den  
  181  12:23  Ultralisk Cavern  
  181  12:25  Hatchery  
  181  12:27  Greater Spire  
  156  12:56  Corruptor x5  
  156  12:57  Corruptor x5  
  176  12:59  Viper x2  
  176  13:00  Viper x3  
  176  13:02  Zerg Missile Weapons Level 1  
  176  13:03  Zerg Ground Armor Level 1  
  191  13:13  Drone  
  192  13:20  Muscular Augments, Chitinous Plating  
  192  13:22  Zerg Melee Weapons Level 1  
  192  13:27  Overseer  
  167  14:20  Zerg Flyer Weapons Level 3  
  167  14:21  Zerg Flyer Armor Level 1  
  166  14:31  Corruptor  
  166  14:32  Corruptor x7  
  166  14:34  Zergling x2  
  166  14:35  Zergling x18  
  192  14:48  Drone x4  
  181  15:46  Zerg Melee Weapons Level 2  
  181  15:48  Zerg Missile Weapons Level 2  
  181  15:51  Zerg Ground Armor Level 2  
  181  15:57  Evolution Chamber x2  
  180  16:00  Evolution Chamber  
  175  16:25  Zerg Flyer Armor Level 2  
  168  16:30  Drone  
  168  16:31  Drone x12  
  181  16:43  Hatchery  
  180  16:49  Corruptor x6  
  192  16:57  Extractor  
  191  17:17  Brood Lord  
  191  17:18  Overlord x3  
  193  17:33  Overlord  
  193  17:40  Brood Lord x3  
  180  18:44  Hatchery  
  179  18:58  Ravager x2  
  179  19:02  Zerg Flyer Armor Level 3  
  181  19:04  Zerg Melee Weapons Level 3  
  181  19:08  Drone x4  
  183  19:46  Hatchery  
  148  20:47  Brood Lord  
Show
View Real Time Build Order
Export as new Build Order

BUSDRIVER Protoss - Winner!

Build Orders:  

Get SALT Encoding   

  12  0:01  Probe (Chrono Boost)  
  13  0:12  Probe (Chrono Boost)  
  14  0:18  Pylon  
  14  0:23  Probe (Chrono Boost)  
  15  0:36  Probe (Chrono Boost)  
  15  0:41  Forge  
  16  0:47  Probe (Chrono Boost)  
  17  0:58  Probe (Chrono Boost)  
  18  1:13  Pylon  
  18  1:14  Pylon  
  18  1:22  Probe (Chrono Boost)  
  19  1:45  Nexus  
  18  1:48  Gateway  
  18  1:52  Probe (Chrono Boost)  
  19  2:02  Probe (Chrono Boost), Photon Cannon  
  20  2:13  Probe (Chrono Boost)  
  20  2:14  Assimilator  
  21  2:19  Assimilator  
  21  2:23  Probe (Chrono Boost)  
  22  2:34  Probe (Chrono Boost)  
  23  2:42  Cybernetics Core  
  23  2:44  Probe (Chrono Boost)  
  23  2:49  Pylon  
  24  2:55  Probe (Chrono Boost)  
  24  2:57  Probe (Chrono Boost)  
  26  3:06  Probe (Chrono Boost)  
  26  3:08  Probe (Chrono Boost)  
  28  3:19  Probe (Chrono Boost), Stargate  
  29  3:25  Assimilator  
  29  3:26  Assimilator  
  29  3:28  Probe (Chrono Boost)  
  29  3:29  Probe (Chrono Boost)  
  31  3:38  Probe (Chrono Boost)  
  31  3:40  Probe (Chrono Boost)  
  33  3:49  Stargate  
  33  3:52  Probe (Chrono Boost)  
  34  4:01  Probe (Chrono Boost)  
  34  4:02  Probe (Chrono Boost)  
  36  4:05  Void Ray  
  40  4:12  Probe (Chrono Boost), Pylon x2  
  40  4:13  Probe (Chrono Boost)  
  42  4:20  Pylon  
  42  4:22  Probe (Chrono Boost)  
  42  4:23  Probe (Chrono Boost)  
  44  4:33  Void Ray  
  48  4:40  Photon Cannon  
  48  4:47  Photon Cannon  
  48  4:48  Pylon  
  48  4:51  Mothership Core (Chrono Boost)  
  50  5:07  Pylon  
  50  5:12  Void Ray (Chrono Boost)  
  58  5:22  Void Ray (Chrono Boost)  
  58  5:27  Pylon  
  58  5:29  Probe (Chrono Boost)  
  59  5:39  Probe (Chrono Boost)  
  60  5:47  Nexus  
  60  5:48  Probe (Chrono Boost)  
  61  5:59  Probe  
  61  6:01  Photon Cannon  
  61  6:02  Pylon  
  62  6:20  Fleet Beacon  
  62  6:23  Pylon  
  62  6:29  Pylon  
  62  7:09  Probe  
  62  7:15  Void Ray (Chrono Boost)  
  71  7:21  Void Ray (Chrono Boost), Stargate  
  71  7:22  Nexus  
  71  7:23  Pylon  
  71  7:24  Pylon  
  71  7:26  Pylon  
  71  7:30  Stargate  
  71  7:32  Pylon  
  71  7:48  Photon Cannon  
  71  7:51  Photon Cannon  
  71  7:55  Photon Cannon  
  71  7:57  Assimilator  
  79  7:58  Tempest (Chrono Boost)  
  79  7:59  Assimilator  
  79  8:04  Tempest (Chrono Boost)  
  87  8:22  Tempest x2 (Chrono Boost)  
  87  8:27  Pylon  
  87  8:35  Tempest (Chrono Boost), Photon Cannon  
  87  8:37  Photon Cannon  
  87  8:38  Probe, Pylon  
  92  8:45  Probe  
  93  8:51  Probe  
  93  8:55  Probe  
  99  9:03  Probe, Tempest (Chrono Boost)  
  100  9:15  Probe  
  100  9:16  Tempest (Chrono Boost)  
  79  9:32  Tempest (Chrono Boost)  
  79  9:37  Probe  
  87  9:38  Tempest (Chrono Boost)  
  88  9:48  Nexus  
  88  9:50  Pylon  
  94  10:00  Mothership Core  
  94  10:02  Tempest (Chrono Boost)  
  94  10:05  Probe  
  95  10:10  Photon Cannon  
  95  10:14  Photon Cannon  
  95  10:15  Probe  
  96  10:33  Photon Cannon  
  96  10:35  Pylon  
  96  10:53  Oracle (Chrono Boost)  
  108  10:58  Oracle x3 (Chrono Boost)  
  108  11:03  Probe  
  108  11:13  Probe  
  109  11:19  Photon Cannon  
  109  11:21  Photon Cannon  
  109  11:22  Pylon  
  109  11:24  Oracle (Chrono Boost)  
  112  11:28  Probe  
  112  11:30  Assimilator  
  122  11:33  Assimilator  
  122  11:34  Oracle x3 (Chrono Boost)  
  122  11:38  Probe  
  123  11:49  Probe  
  124  11:59  Probe  
  125  12:07  Void Ray (Chrono Boost)  
  141  12:10  Probe  
  141  12:12  Void Ray x2 (Chrono Boost)  
  141  12:13  Void Ray (Chrono Boost)  
  142  12:19  Photon Cannon  
  142  12:21  Probe  
  142  12:22  Pylon  
  143  12:41  Probe  
  148  12:44  Void Ray (Chrono Boost)  
  160  12:51  Probe  
  160  12:55  Void Ray (Chrono Boost)  
  160  12:56  Void Ray x2 (Chrono Boost)  
  161  13:00  Pylon  
  161  13:01  Pylon  
  161  13:02  Probe  
  161  13:04  Pylon  
  162  13:13  Probe  
  163  13:21  Void Ray (Chrono Boost)  
  163  13:23  Probe  
  168  13:34  Probe  
  176  13:38  Void Ray x2 (Chrono Boost)  
  177  13:44  Probe  
  170  13:55  Probe  
  187  14:43  Carrier (Chrono Boost)  
  187  14:44  Stargate  
  195  14:46  Stargate  
  195  14:48  Pylon  
  195  14:54  Carrier x3 (Chrono Boost)  
  195  15:05  Photon Cannon  
  195  15:08  Photon Cannon  
  176  15:57  Carrier (Chrono Boost)  
  176  16:00  Carrier x2 (Chrono Boost)  
  176  16:05  Pylon  
  194  16:12  Gateway  
  194  16:15  Gateway  
  194  16:17  Gateway  
  194  16:19  Gateway  
  194  16:20  Carrier x3 (Chrono Boost)  
  194  16:21  Gateway  
  190  17:12  Carrier (Chrono Boost)  
  196  17:28  Nexus  
  196  17:32  Pylon  
  190  18:48  Carrier (Chrono Boost)  
  196  19:36  Assimilator  
  196  19:38  Assimilator  
  196  19:40  Photon Cannon  
  196  19:42  Photon Cannon  
  196  19:43  Photon Cannon  
  196  19:45  Photon Cannon  
  196  19:47  Pylon  
  196  19:48  Photon Cannon  
  196  19:49  Photon Cannon  
  196  20:11  Void Ray (Chrono Boost)  
Tags
 
Add a new tag
Caveats
  • Supply blocks, unpowered buildings, or Contaminate may cause inaccurate times.
  • Supply counts are checked every 10 seconds.